 Dungeon Sprint DCSS version 0.17-a0-1748-g222fba8 (webtiles) character file.

18300000 ztt the Plane Walker (level 27, -9/273 HPs)
             Began as a Ghoul Warper on Sept 1, 2015.
             Was the Champion of Makhleb.
             Mangled by an eight-headed meat hydra (10 damage)
             ... in the Dungeon (Sprint VIII: "Arena of Blood").
             The game lasted 00:03:41 (183 turns).

ztt the Plane Walker (Ghoul Warper)                  Turns: 183, Time: 00:03:41

Health: -9/273     AC:  6    Str: 19    XL:     27
Magic:  53/53      EV: 32    Int:  8    God:    Makhleb [******]
Gold:   0          SH:  0    Dex: 17    Spells: 1 memorised, 79 levels left

rFire  . . .     SeeInvis +     l - +∞ Axe of Woe
rCold  + . .     Clarity  .     b - +0 leather armour
rNeg   + + +     SustAt   .     (no shield)
rPois  ∞         Gourm    .     (no helmet)
rElec  .         Spirit   .     (no cloak)
rCorr  .         Warding  .     (no gloves)
rMut   .         NoTele   +     (no boots)
MR     ++...                    (no amulet)
Stlth  +++.......               (no ring)
                                m - ring of see invisible

@: rotting, slowed, very slow, very resistant to hostile enchantments, fairly
stealthy
A: rotting body, claws 1, carnivore 3, cold resistance 1, negative energy
resistance 3, slow healing 1, torment resistance, unbreathing
a: Minor Destruction, Lesser Servant of Makhleb, Major Destruction, Greater
Servant of Makhleb, Renounce Religion
0: Orb of Zot


You were in the Dungeon.
You worshipped Makhleb.
Makhleb was exalted by your worship.
You were not hungry.

You visited 1 branch

Inventory:

Hand weapons
 a - a +0 hand axe
 l - the +∞ Axe of Woe (weapon)
   (You found it in the Dungeon)
Missiles
 e - 5 tomahawks of dispersal (quivered)
Armour
 b - a +0 leather armour (worn)
Jewellery
 m - a ring of see invisible (left claw)
Scrolls
 d - 2 scrolls of blinking
Potions
 g - a potion of curing
 h - a potion of heal wounds
 i - a potion of haste
 j - 2 potions of magic
 k - a potion of berserk rage
Books
 c - a book of Spatial Translocations

   Spells                             Type                      Level
   a - Apportation                    Translocation                1
   b - Blink                          Translocation                2
   c - Shroud of Golubria             Charms/Translocation         2
   d - Portal Projectile              Translocation                3
   e - Teleport Other                 Translocation                3
   f - Passage of Golubria            Translocation                4
Comestibles
 f - a meat ration


   Skills:
 O Level 27 Fighting
 O Level 27 Axes
 O Level 27 Throwing
 O Level 27 Armour
 O Level 27 Dodging
 O Level 27 Stealth
 O Level 27 Unarmed Combat
 O Level 27 Spellcasting
 O Level 27 Translocations
 O Level 27 Invocations


You had 79 spell levels left.
You knew the following spells:

 Your Spells              Type           Power        Failure   Level  Hunger
a - Apportation           Tloc           ######....   0%          1    None


Dungeon Overview and Level Annotations

Branches:
Dungeon (1/1)

Altars:
Makhleb


Innate Abilities, Weirdness & Mutations

Your body is rotting away.
You thrive on raw meat.
You are immune to poison.
You have sharp fingernails.
You are carnivorous and can eat meat at any time.
Your flesh is cold resistant.
You are immune to negative energy.
You heal slowly when monsters are visible.
You are immune to unholy pain and torment.
You can survive without breathing.


Message History

A hydra and a phantom come into view.
Unknown command.
Unknown command.
Unknown command.
An observer comes into view.
You hear a shout! x4
The eight-headed meat hydra moves out of view.
The bag of meat hits you with a +9 war axe!!!
The observer gazes at you. The bolt of fire hits you!
* * * LOW HITPOINT WARNING * * *
You hear a shout!
The eight-headed meat hydra appears out of thin air!
An eight-headed meat hydra comes into view.
You hear a shout! x2
The eight-headed meat hydra bites you!
* * * LOW HITPOINT WARNING * * *
The eight-headed meat hydra barely misses you.
The eight-headed meat hydra bites you!
You die...

...#...... #.....# . ..
###.@........#_.<._#..
.....##....#.......#.....#..
....#........#.....))._.....
....#...........W...)###....
.........Op.....###.......##
.........)oo.O....#.).)...#.
.......).)oD.....D#..)....#.
......)).#)@G.......%)..%...
.......†#W#)#........)))....
......)))#)#....G....)))....
..###...#)#)#........)))§..#
##..)#)#.....#..oM.)..#.
#...)D).........X)...#.
....##)p)....##.#M..)....
#.....##V)%%........).....
####.....)####....#.....##


You could see 2 eight-headed meat hydras, 2 observers, a fleshlord, The Defiler,
2 wretched souls, 2 meat berserkers and 3 bags of meat.

Vanquished Creatures
  Dispater (D)
  9 hell knights (D)
  6 hell beasts (D)
  7 greater mummies (D)
  9 great orbs of eyes (D)
  10 wraiths (D)
  25 vampire knights (D)
  34 ogres (D)
  3 liches (D)
  4 hydras (D)
  63 orcs (D)
  7 phantoms (D)
  8 hill giants (D)
  3 skeletal warriors (D)
  9 sea snakes (D)
  A small abomination (D)
  4 large abominations (D)
  7 crawling corpses (D)
210 creatures vanquished.

Vanquished Creatures (others)
  5 crawling corpses (D)
5 creatures vanquished.

Grand Total: 215 creatures vanquished

Notes
Turn   | Place    | Note
--------------------------------------------------------------
     0 | D        | ztt the Ghoul Warper began the quest for the Orb.
     0 | D        | Reached XP level 1. HP: 17/17 MP: 2/2
     4 | D        | Noticed a bag of meat
     4 | D        | Became a worshipper of Makhleb the Destroyer
     6 | D        | Noticed a bag of meat
     6 | D        | Noticed a meat berserker
     7 | D        | Noticed a bag of meat
     8 | D        | Noticed a bag of meat
     8 | D        | Noticed a meat berserker
     8 | D        | Killed a bag of meat
     8 | D        | Reached skill level 11 in Fighting
     8 | D        | Reached skill level 10 in Spellcasting
     8 | D        | Reached skill level 17 in Translocations
     8 | D        | Reached XP level 2. HP: 20/40 MP: 2/12
     8 | D        | Reached XP level 3. HP: 23/47 MP: 2/13
     8 | D        | Reached XP level 4. HP: 26/55 MP: 2/15
     8 | D        | Reached XP level 5. HP: 28/61 MP: 2/16
     8 | D        | Reached XP level 6. HP: 31/68 MP: 2/18
     8 | D        | Reached XP level 7. HP: 33/74 MP: 2/19
     8 | D        | Reached XP level 8. HP: 36/82 MP: 2/21
     8 | D        | Reached XP level 9. HP: 39/89 MP: 2/22
     8 | D        | Reached XP level 10. HP: 42/96 MP: 2/23
     8 | D        | Reached XP level 11. HP: 44/102 MP: 2/24
     8 | D        | Reached XP level 12. HP: 47/110 MP: 2/25
     9 | D        | Noticed a bag of meat
     9 | D        | Noticed a bag of meat
     9 | D        | Killed a meat berserker
     9 | D        | Acquired Makhleb's first power
     9 | D        | Reached skill level 5 in Throwing
     9 | D        | Reached skill level 22 in Translocations
     9 | D        | Reached XP level 13. HP: 49/124 MP: 2/29
     9 | D        | Reached XP level 14. HP: 52/132 MP: 2/30
    11 | D        | Killed a meat berserker
    11 | D        | Reached skill level 15 in Fighting
    11 | D        | Reached skill level 24 in Translocations
    11 | D        | Reached XP level 15. HP: 54/143 MP: 2/32
    11 | D        | Killed a bag of meat
    11 | D        | Acquired Makhleb's second power
    11 | D        | Reached skill level 5 in Armour
    11 | D        | Reached skill level 15 in Spellcasting
    11 | D        | Reached skill level 25 in Translocations
    11 | D        | HP: 7/145 [bag of meat/+9 war axe (47)]
    12 | D        | Killed a bag of meat
    12 | D        | Reached skill level 15 in Axes
    12 | D        | Reached skill level 26 in Translocations
    12 | D        | Reached XP level 16. HP: 56/155 MP: 3/34
    12 | D        | Killed a bag of meat
    12 | D        | Acquired Makhleb's third power
    12 | D        | Reached skill level 15 in Dodging
    12 | D        | Reached skill level 27 in Translocations
    13 | D        | Killed a bag of meat
    14 | D        | Killed a bag of meat
    14 | D        | Reached XP level 17. HP: 92/171 MP: 3/38
    15 | D        | Noticed a meat berserker
    15 | D        | Killed a meat berserker
    15 | D        | Acquired Makhleb's fourth power
    16 | D        | Noticed a bag of meat
    16 | D        | Noticed a meat berserker
    17 | D        | Noticed a large bag of meat
    17 | D        | Noticed a bag of meat
    18 | D        | Noticed a meat berserker
    18 | D        | Noticed a bag of meat
    19 | D        | Killed a bag of meat
    19 | D        | Reached XP level 18. HP: 185/188 MP: 5/41
    20 | D        | Noticed a large bag of meat
    20 | D        | Killed a large bag of meat
    21 | D        | Noticed a bag of meat
    21 | D        | Noticed a bag of meat
    21 | D        | Noticed a large bag of meat
    21 | D        | Noticed a meat berserker
    21 | D        | Killed a meat berserker
    21 | D        | Acquired Makhleb's fifth power
    21 | D        | Killed a meat berserker
    21 | D        | Reached XP level 19. HP: 196/206 MP: 5/45
    22 | D        | Noticed a bag of meat
    22 | D        | Noticed a bag of meat
    22 | D        | Noticed a meat berserker
    22 | D        | Noticed a bag of meat
    23 | D        | Noticed a bag of meat
    23 | D        | Noticed a bag of meat
    23 | D        | Noticed a bag of meat
    23 | D        | Noticed a meat berserker
    23 | D        | Noticed a bag of meat
    23 | D        | Noticed a bag of meat
    23 | D        | Noticed a bag of meat
    23 | D        | Noticed a destroyer
    23 | D        | Noticed a destroyer
    24 | D        | Noticed a bag of meat
    24 | D        | Noticed a bag of meat
    24 | D        | Noticed a meat berserker
    24 | D        | Noticed a large bag of meat
    25 | D        | Killed a bag of meat
    25 | D        | Reached skill level 27 in Fighting
    25 | D        | Reached skill level 10 in Throwing
    25 | D        | Killed a bag of meat
    25 | D        | Reached skill level 10 in Armour
    25 | D        | Killed a meat berserker
    25 | D        | Reached skill level 27 in Axes
    25 | D        | Reached XP level 20. HP: 216/216 MP: 6/48
    26 | D        | Noticed a large bag of meat
    26 | D        | Killed a meat berserker
    26 | D        | Reached skill level 27 in Spellcasting
    26 | D        | Killed a bag of meat
    26 | D        | Reached skill level 27 in Dodging
    27 | D        | Noticed a meat berserker
    27 | D        | Noticed a bag of meat
    27 | D        | Noticed a large bag of meat
    27 | D        | Noticed a bag of meat
    27 | D        | Noticed a destroyer
    28 | D        | Noticed a bag of meat
    28 | D        | Killed a bag of meat
    28 | D        | Reached skill level 15 in Throwing
    28 | D        | Reached skill level 15 in Armour
    28 | D        | Killed a destroyer
    28 | D        | Reached XP level 21. HP: 224/224 MP: 7/51
    28 | D        | Killed a bag of meat
    28 | D        | Killed a large bag of meat
    29 | D        | Killed a meat berserker
    29 | D        | Reached XP level 22. HP: 224/233 MP: 7/52
    29 | D        | Killed a bag of meat
    30 | D        | Noticed a large bag of meat
    30 | D        | Killed a destroyer
    30 | D        | Reached skill level 27 in Throwing
    30 | D        | Reached skill level 27 in Armour
    30 | D        | Killed a bag of meat
    30 | D        | Reached skill level 10 in Stealth
    30 | D        | Killed a bag of meat
    30 | D        | Reached XP level 23. HP: 240/240 MP: 8/53
    31 | D        | Noticed a meat berserker
    31 | D        | Noticed a bag of meat
    31 | D        | Killed a bag of meat
    31 | D        | Reached skill level 15 in Unarmed Combat
    31 | D        | Reached skill level 15 in Invocations
    31 | D        | Killed a bag of meat
    32 | D        | Noticed a bag of meat
    32 | D        | Noticed a destroyer
    32 | D        | Killed a large bag of meat
    32 | D        | Killed a bag of meat
    33 | D        | Noticed a bag of meat
    33 | D        | Noticed a sculptor of flesh
    33 | D        | Killed a bag of meat
    33 | D        | Killed a meat berserker
    33 | D        | Reached XP level 24. HP: 249/249 MP: 8/53
    33 | D        | Killed a bag of meat
    34 | D        | Killed a large bag of meat
    34 | D        | Reached skill level 27 in Stealth
    34 | D        | Killed a bag of meat
    34 | D        | Killed a large bag of meat
    34 | D        | Reached skill level 27 in Unarmed Combat
    34 | D        | Reached skill level 27 in Invocations
    35 | D        | Noticed a destroyer
    35 | D        | Killed a bag of meat
    35 | D        | Killed a meat berserker
    36 | D        | Noticed a bag of meat
    36 | D        | Killed a meat berserker
    36 | D        | Reached XP level 25. HP: 257/257 MP: 9/53
    36 | D        | Killed a bag of meat
    36 | D        | Killed a bag of meat
    37 | D        | Killed a destroyer
    38 | D        | Killed a sculptor of flesh
    39 | D        | Killed a large bag of meat
    39 | D        | Killed a bag of meat
    39 | D        | Reached XP level 26. HP: 266/266 MP: 10/53
    40 | D        | Noticed a destroyer
    40 | D        | Killed a destroyer
    41 | D        | Killed a bag of meat
    41 | D        | Killed a large bag of meat
    42 | D        | Killed a bag of meat
    43 | D        | Noticed a destroyer
    44 | D        | Noticed a meat berserker
    44 | D        | Noticed a destroyer
    45 | D        | Noticed a destroyer
    45 | D        | Noticed a sculptor of flesh
    45 | D        | Killed a bag of meat
    45 | D        | Killed a destroyer
    45 | D        | Reached XP level 27. HP: 273/273 MP: 11/53
    45 | D        | Killed a meat berserker
    45 | D        | Killed a destroyer
    47 | D        | Noticed an accursed
    47 | D        | Noticed a meat berserker
    47 | D        | Noticed a tyrant
    47 | D        | Noticed a destroyer
    49 | D        | Noticed an accursed
    49 | D        | Killed a destroyer
    49 | D        | Killed a destroyer
    49 | D        | Killed a destroyer
    49 | D        | Killed a destroyer
    51 | D        | Killed a bag of meat
    51 | D        | Killed a meat berserker
    53 | D        | Noticed a bag of meat
    54 | D        | Noticed an accursed
    56 | D        | Noticed a sculptor of flesh
    56 | D        | Killed a sculptor of flesh
    63 | D        | Noticed a bag of meat
    63 | D        | Noticed a meat berserker
    63 | D        | Noticed a bag of meat
    63 | D        | Noticed a meat berserker
    63 | D        | Noticed a meat berserker
    64 | D        | Noticed a bag of meat
    64 | D        | Noticed a bag of meat
    64 | D        | Noticed a bag of meat
    65 | D        | Noticed a bag of meat
    65 | D        | Noticed a meat berserker
    65 | D        | Noticed a large bag of meat
    65 | D        | Noticed a bag of meat
    65 | D        | Noticed a tyrant
    65 | D        | Noticed a dread
    65 | D        | Killed a meat berserker
    66 | D        | Noticed a meat berserker
    67 | D        | Noticed a meat berserker
    67 | D        | Noticed a dread
    67 | D        | Killed a meat berserker
    68 | D        | Noticed a bag of meat
    68 | D        | Noticed a meat berserker
    68 | D        | Noticed a meat beast
    68 | D        | Noticed a destroyer
    68 | D        | Noticed a bag of meat
    69 | D        | Noticed a bag of meat
    69 | D        | Killed a meat berserker
    69 | D        | Killed a meat berserker
    70 | D        | Noticed a bag of meat
    70 | D        | Noticed a bag of meat
    70 | D        | Noticed a dread
    70 | D        | Killed a bag of meat
    70 | D        | Killed a bag of meat
    71 | D        | Noticed a meat beast
    71 | D        | Noticed a meat berserker
    71 | D        | Killed a bag of meat
    72 | D        | Noticed a bag of meat
    72 | D        | Killed a bag of meat
    72 | D        | Killed a sculptor of flesh
    73 | D        | Noticed a bag of meat
    74 | D        | Noticed a destroyer
    74 | D        | Killed a meat berserker
    74 | D        | Killed a meat berserker
    74 | D        | Killed a large bag of meat
    74 | D        | Killed a meat berserker
    74 | D        | Killed a meat beast
    75 | D        | Noticed a meat berserker
    75 | D        | Killed a tyrant
    76 | D        | Noticed a meat berserker
    76 | D        | Killed a tyrant
    76 | D        | Killed a meat berserker
    76 | D        | Killed a meat beast
    76 | D        | Killed a bag of meat
    76 | D        | Killed a bag of meat
    77 | D        | Noticed a meat berserker
    77 | D        | Noticed a bag of meat
    77 | D        | Noticed a bag of meat
    77 | D        | Noticed a bag of meat
    77 | D        | Noticed an accursed
    77 | D        | Noticed a bag of meat
    78 | D        | Noticed a bag of meat
    78 | D        | Killed a dread
    78 | D        | Killed a bag of meat
    78 | D        | Killed a dread
    78 | D        | Killed a meat berserker
    78 | D        | Killed a bag of meat
    79 | D        | Noticed a bag of meat
    79 | D        | Noticed a meat berserker
    79 | D        | Noticed a dread
    79 | D        | Killed a bag of meat
    79 | D        | Killed a dread
    79 | D        | Killed a destroyer
    79 | D        | Killed a bag of meat
    80 | D        | Noticed an accursed
    80 | D        | Noticed a meat berserker
    81 | D        | Noticed a bag of meat
    81 | D        | Killed a bag of meat
    81 | D        | Killed a bag of meat
    81 | D        | Killed a meat berserker
    82 | D        | Noticed a bag of meat
    82 | D        | Noticed a meat berserker
    82 | D        | Killed a bag of meat
    82 | D        | Killed an accursed
    82 | D        | Killed a meat berserker
    82 | D        | Killed a meat berserker
    83 | D        | Noticed a meat berserker
    84 | D        | Noticed a meat beast
    84 | D        | Killed a meat berserker
    84 | D        | Killed a bag of meat
    84 | D        | Killed a meat berserker
    85 | D        | Killed a bag of meat
    86 | D        | Noticed a bag of meat
    86 | D        | Noticed a bag of meat
    86 | D        | Killed a bag of meat
    87 | D        | Noticed a meat berserker
    87 | D        | Noticed a bag of meat
    87 | D        | Killed a bag of meat
    87 | D        | Killed an accursed
    87 | D        | Noticed a meat beast
    88 | D        | Noticed a bag of meat
    88 | D        | Killed a bag of meat
    89 | D        | Killed a bag of meat
    89 | D        | Killed a destroyer
    90 | D        | Noticed a wretched soul
    90 | D        | Noticed a destroyer
    90 | D        | Killed a meat berserker
    90 | D        | Killed a bag of meat
    91 | D        | Noticed a bag of meat
    91 | D        | Noticed a bag of meat
    91 | D        | Noticed an accursed
    91 | D        | Killed a bag of meat
    91 | D        | Killed a dread
    91 | D        | Killed a bag of meat
    92 | D        | Noticed a wretched soul
    92 | D        | Killed an accursed
    92 | D        | Killed a bag of meat
    93 | D        | Noticed a tyrant
    93 | D        | Killed an accursed
    93 | D        | Killed a meat beast
    94 | D        | Killed a meat berserker
    95 | D        | Killed a meat beast
    96 | D        | Killed a bag of meat
    96 | D        | Killed a bag of meat
    97 | D        | Noticed a destroyer
    98 | D        | Killed a bag of meat
    98 | D        | Killed a bag of meat
    99 | D        | Noticed an observer
   100 | D        | Killed an observer
   100 | D        | Killed a destroyer
   100 | D        | Killed a destroyer
   100 | D        | Killed an accursed
   101 | D        | Killed a bag of meat
   101 | D        | Killed a bag of meat
   102 | D        | Killed a wretched soul
   103 | D        | Killed a tyrant
   104 | D        | Killed an accursed
   105 | D        | Killed a wretched soul
   106 | D        | Noticed an accursed
   108 | D        | Noticed a wretched soul
   111 | D        | Noticed a dread
   121 | D        | Noticed a fleshlord
   125 | D        | Noticed a fleshlord
   126 | D        | Noticed a fleshlord
   135 | D        | Noticed a fleshlord
   137 | D        | Noticed a destroyer
   137 | D        | Killed a fleshlord
   139 | D        | Noticed a fleshlord
   140 | D        | Noticed an observer
   144 | D        | Killed a destroyer
   145 | D        | Noticed an observer
   145 | D        | Killed a fleshlord
   146 | D        | Noticed a wretched soul
   146 | D        | Noticed a wretched soul
   146 | D        | Killed a fleshlord
   146 | D        | Killed an observer
   147 | D        | Noticed a destroyer
   148 | D        | Killed a fleshlord
   148 | D        | Killed a destroyer
   149 | D        | Killed an observer
   150 | D        | Killed a wretched soul
   151 | D        | Killed a wretched soul
   152 | D        | Noticed a meat berserker
   153 | D        | Noticed an observer
   153 | D        | Noticed a bag of meat
   153 | D        | Noticed a meat beast
   154 | D        | Noticed a meat berserker
   154 | D        | Noticed The Meatlord
   155 | D        | Noticed a dread
   155 | D        | Killed a meat berserker
   156 | D        | Noticed a meat berserker
   156 | D        | Noticed a destroyer
   156 | D        | Noticed an observer
   156 | D        | Noticed a fleshlord
   156 | D        | Noticed a meat beast
   156 | D        | Noticed an observer
   156 | D        | Killed an observer
   156 | D        | Killed a meat berserker
   157 | D        | Killed an observer
   158 | D        | Noticed a meat berserker
   158 | D        | Noticed a destroyer
   158 | D        | Killed a meat beast
   159 | D        | Noticed a meat berserker
   159 | D        | Noticed a destroyer
   159 | D        | Noticed a fleshlord
   159 | D        | Killed a meat beast
   160 | D        | Killed a fleshlord
   160 | D        | Killed a meat berserker
   161 | D        | Noticed a bag of meat
   161 | D        | Noticed a destroyer
   161 | D        | Noticed an observer
   161 | D        | Noticed a destroyer
   162 | D        | Noticed a dread
   162 | D        | Noticed an observer
   162 | D        | Killed an observer
   162 | D        | Killed a meat berserker
   162 | D        | Killed a dread
   163 | D        | Noticed a bag of meat
   163 | D        | Killed a meat berserker
   163 | D        | Killed The Meatlord
   164 | D        | Killed a bag of meat
   165 | D        | Noticed a bag of meat
   165 | D        | Noticed a wretched soul
   165 | D        | Killed a destroyer
   165 | D        | Killed a dread
   165 | D        | Killed a destroyer
   165 | D        | Killed an observer
   166 | D        | Killed a fleshlord
   166 | D        | Killed a destroyer
   167 | D        | Noticed a destroyer
   167 | D        | Noticed a destroyer
   167 | D        | Noticed a destroyer
   167 | D        | Killed a destroyer
   168 | D        | Noticed an observer
   168 | D        | Killed a dread
   168 | D        | Killed a destroyer
   168 | D        | Killed a bag of meat
   169 | D        | Noticed a destroyer
   169 | D        | Noticed a dread
   169 | D        | Killed an accursed
   170 | D        | Killed a bag of meat
   171 | D        | Noticed a fleshlord
   171 | D        | Noticed a wretched soul
   171 | D        | Killed a destroyer
   172 | D        | Noticed a wretched soul
   172 | D        | Noticed a fleshlord
   172 | D        | Noticed a fleshlord
   172 | D        | Killed an observer
   172 | D        | Killed a destroyer
   173 | D        | Noticed a dread
   173 | D        | Killed a bag of meat
   173 | D        | Killed a destroyer
   173 | D        | Killed an observer
   174 | D        | Killed a wretched soul
   175 | D        | Noticed a bag of meat
   176 | D        | Killed a wretched soul
   176 | D        | Killed a wretched soul
   177 | D        | Noticed a dread
   178 | D        | Noticed a bag of meat
   178 | D        | Killed a fleshlord
   178 | D        | Killed a dread
   179 | D        | Noticed a bag of meat
   179 | D        | Noticed a bag of meat
   179 | D        | Killed a destroyer
   179 | D        | Killed a fleshlord
   179 | D        | Killed a fleshlord
   180 | D        | Noticed a fleshlord
   180 | D        | Killed a dread
   180 | D        | Killed a dread
   180 | D        | Killed a bag of meat
   181 | D        | Noticed a meat berserker
   182 | D        | Noticed a wretched soul
   182 | D        | Noticed an observer
   182 | D        | Noticed a meat berserker
   182 | D        | Got the Orb of Zot
   183 | D        | Noticed a wretched soul
   183 | D        | Noticed an observer
   183 | D        | HP: 1/273 [eight-headed meat hydra (13)]
   183 | D        | Mangled by an eight-headed meat hydra

Vault maps used:
D:        meatsprint

Action                   |  1- 3 |  4- 6 |  7- 9 | 10-12 | 13-15 | 16-18 | 19-21 | 22-24 | 25-27 || total
-------------------------+-------+-------+-------+-------+-------+-------+-------+-------+-------++-------
Melee: Executioner's axe |     1 |       |       |     1 |     2 |     6 |     4 |     7 |    80 ||   101
 Cast: Apportation       |       |       |       |       |       |       |       |       |     1 ||     1
